 Dungeon Crawl Stone Soup version 0.28-a0-1545-g945cd3f27e (webtiles) character file.

Game seed: 5888667086763914787

120 BritishOli the Ducker (level 4, 0/34 HPs)
             Began as a Demonspawn Gladiator on Jan 18, 2022.
             Slain by an adder (3 damage)
             ... on level 3 of the Dungeon.
             The game lasted 00:01:46 (3124 turns).

BritishOli the Ducker (Demonspawn Gladiator)        Turns: 3124, Time: 00:01:46

Health: 0/34       AC:  4    Str: 17    XL:     4   Next: 75%
Magic:  4/4        EV: 12    Int:  9    God:
Gold:   107        SH:  0    Dex: 14    Spells: 3/3 levels left

rFire   . . .      SeeInvis .   a - +0 war axe
rCold   . . .      Faith    .   (no shield)
rNeg    . . .      Spirit   .   b - +0 leather armour
rPois   .          Reflect  .   c - +0 helmet
rElec   .          Harm     .   (no cloak)
rCorr   .          Rampage  .   (no gloves)
Will    .....                   (no boots)
Stlth   +.........              (no amulet)
HPRegen 0.11/turn               (no ring)
MPRegen 0.09/turn               (no ring)

@: lethally poisoned (0 -> -4)
A: claws 1, foul stench 1
a: no special abilities


You were on level 3 of the Dungeon.
You visited 1 branch of the dungeon, and saw 3 of its levels.

You collected 107 gold pieces.

Inventory:

Hand Weapons
 a - a +0 war axe (weapon)
Missiles
 d - 3 throwing nets (quivered)
Armour
 b - a +0 leather armour (worn)
 c - a +0 helmet (worn)
 m - the +0 robe of the King of the Hill {rF+}
   (You found it on level 3 of the Dungeon)

   rF:        It protects you from fire.
Scrolls
 e - a scroll of teleportation {unknown}
 g - 2 scrolls of fog {unknown}
 i - a scroll of enchant armour {unknown}
 l - 2 scrolls of identify {unknown}
 o - a scroll of holy word {unknown}
Potions
 f - a potion of curing {unknown}
 h - a potion of heal wounds {unknown}
 j - a potion of ambrosia {unknown}
 k - 2 potions of degeneration {unknown}
 n - a potion of flight {unknown}


   Skills:
 + Level 2.8 Fighting
 + Level 3.2 Axes
 + Level 2.6 Throwing
 + Level 1.5 Armour
 + Level 3.2 Dodging


You had 3 spell levels left.
You didn't know any spells.
Your spell library contained the following spells:

 Spells                   Type           Power      Damage    Failure   Level
 Gell's Gravitas          Tloc           0%         N/A       82%         3
 Teleport Other           Tloc           0%         N/A       82%         3
 Dispersal                Tloc           0%         N/A       100%        6


Dungeon Overview and Level Annotations

Branches:
Dungeon (3/15)

Altars:
Kikubaaqudgha


Innate Abilities, Weirdness & Mutations

You have sharp fingernails.
You may rarely emit foul miasma when damaged in melee.


Message History

An adder is nearby!
You closely miss the adder. Your claw misses the adder.
The adder is lightly wounded.
You feel very sick.
The adder bites you but does no damage. x2
An adder is nearby!
An adder is nearby!
You barely miss the adder.
The adder is lightly wounded.
You feel sick. The adder closely misses you. The adder barely misses you.
An adder is nearby!
You miss the adder.
The adder is lightly wounded.
You feel sick. The adder bites you but does no damage.
An adder is nearby!
You completely miss the adder.
The adder is lightly wounded.
You feel sick. The adder barely misses you.
The adder bites you but does no damage.
An adder is nearby!
You hit the adder.
The adder is heavily wounded.
You feel sick. The adder closely misses you. The adder bites you.
You barely miss the adder.
The adder is heavily wounded.
You feel sick.
You are no longer poisoned.
The adder bites you.
You are poisoned.
The adder poisons you! The adder misses you.
You miss the adder.
The adder is heavily wounded.
You feel very sick. The adder closely misses you. The adder bites you.
* * * LOW HITPOINT WARNING * * *
You barely miss the adder.
The adder is heavily wounded.
* * * LOW HITPOINT WARNING * * *
You feel sick. The adder bites you.
You die...

########## #..@S....#
#.######.# ## #.#
#.######## .# ##)####
#.##.....#### .#
#.#...###.#..<)......
.#
##.##..........#.###.
.# #.######.#...##.#
.#
######.######.##.....#
.#
#.............##.#####


You could see an adder.

Vanquished Creatures
  An adder (D:3)
  3 dart slugs
  8 orcs (D:3)
  8 endoplasms
  3 giant cockroaches (D:1)
  8 goblins
  6 hobgoblins
  12 jackals
  5 kobolds
  2 quokkas
  6 ball pythons
  13 bats
  5 frilled lizards
  7 rats
87 creatures vanquished.

Notes
Turn   | Place    | Note
-------+----------+-------------------------------------------
     0 | D:1      | BritishOli the Demonspawn Gladiator began the quest for the
                  | Orb.
     0 | D:1      | Reached XP level 1. HP: 16/16 MP: 1/1
    69 | D:1      | Gained mutation: You have sharp fingernails. [demonic
                  | ancestry]
    69 | D:1      | Reached XP level 2. HP: 20/22 MP: 2/2
   520 | D:1      | Gained mutation: You may rarely emit foul miasma when
                  | damaged in melee. [demonic ancestry]
   520 | D:1      | Reached XP level 3. HP: 27/28 MP: 3/3
   838 | D:1      | Reached skill level 1 in Armour
  1505 | D:2      | Found a faded altar of an unknown god.
  1873 | D:3      | Reached XP level 4. HP: 24/34 MP: 4/4
  2043 | D:3      | Identified the +0 robe of the King of the Hill {rF+}
  2953 | D:3      | Found an ancient bone altar of Kikubaaqudgha.
  3124 | D:3      | Slain by an adder

Illustrated notes

Levels and vault maps discovered:
D:1:      mrwooster_arrival_statue_2, layout_basic, minmay_close_crescents
D:2:      layout_basic, ebering_ecumenical_altar_petrified
D:3:      layout_loops_corners, marbit_many_paths

Skill      XL: |  1  2  3 |
---------------+----------+-----
Throwing       | 2 |  2.6
Axes           | 3 |  3.2
Dodging        | 3 |  3.2
Armour         | 1 |  1.5
Fighting       | |  2.8

Action                   |  1- 3 |  4- 6 || total
-------------------------+-------+-------++-------
Melee: War axe           |   134 |    94 ||   228
       Punch             |       |     1 ||     1
 Stab: Sleeping          |     2 |       ||     2
Armor: Leather armour    |    66 |    36 ||   102
Dodge: Dodged            |   134 |    60 ||   194

Table legend: (Time is in decaauts)
 A = Elapsed time spent in this place.
 B = Non-inter-level travel time spent in this place.
 C = Inter-level travel time spent in this place.
 D = Time resting spent in this place.
 E = Time spent auto-exploring this place.
 F = Levels seen in this place.
 G = Mean time per level.
                   A        B        C        D        E       F      G
               +--------+--------+--------+--------+--------+-----+--------+
         Total |   3203 |   3093 |    110 |    187 |   2337 |   3 | 1067.7 |
       Dungeon |   3203 |   3093 |    110 |    187 |   2337 |   3 | 1067.7 |
               +--------+--------+--------+--------+--------+-----+--------+

Top non-repeatable levels by time:
     D:3: 1310 daAuts
     D:1: 954 daAuts
     D:2: 938 daAuts
